AoeStats
← gerole

Yucatan

510426540Analyzed
3v3 RM · 11h ago on Oct 1, 2026· 44m 32s· 6 players
Game mode
Random Map
Map size
Normal (6 player)
Population
200
Speed
Normal
Resources
Standard
Victory
Conquest
Starting age
Dark Age
Ending age
Imperial Age
RankedLock teamsTeams togetherTeam positionsShared explorationLock speedFull tech treeHidden civsTurbo modeCheats
Victory
Defeat
🇲🇽 Cumans · Mexico
543
+12
🇲🇽 Aztecs · Mexico
511
+14
🇺🇸 Romans · United States
490
+15
🇨🇳 Armenians · China
563
-18
🇪🇸 Inca · Spain
428
-12
🇹🇷 Romans · Türkiye
389
-11
Ziro3989
8:53 Loom
11:56 Feudal Age
12:35 Double-Bit Axe
14:12 Gold Mining
17:04 Champi Runner
19:02 Wheelbarrow
22:04 Forging
21:54 Scale Mail Armor
22:23 Horse Collar
25:29 Padded Archer Armor
25:21 Fletching
27:52 Castle Age
30:02 Masonry
31:26 Treadmill Crane
32:08 Bow Saw
34:01 Andean Sling
34:12 Heated Shot
34:22 Murder Holes
37:08 Imperial Age
34:09 Elite Skirmisher
35:23 Hand Cart
34:53 Town Watch
35:34 Heavy Plow
36:48 Bodkin Arrow
38:36 Ballistics
40:04 Chemistry
40:13 Chemistry
KADIOGLU
0:28 Loom
12:26 Feudal Age
13:49 Wheelbarrow
13:01 Town Watch
14:09 Double-Bit Axe
16:19 Horse Collar
17:23 Forging
17:14 Scale Mail Armor
17:10 Gold Mining
17:17 Stone Mining
21:07 Castle Age
20:21 Man-at-Arms
23:46 Hand Cart
23:20 Long Swordsman
23:21 Pikeman
24:01 Squires
25:16 Town Patrol
26:30 Iron Casting
26:11 Chain Mail Armor
29:29 Gold Shaft Mining
29:10 Heavy Plow
30:33 Chain Mail Armor
31:26 Caravan
36:58 Imperial Age
35:03 Ballistics
34:54 Fortified Wall
34:56 Masonry
34:37 Guard Tower
35:57 Murder Holes
38:49 Crop Rotation
38:32 Bow Saw
39:28 Blast Furnace
37:53 Halberdier
39:28 Coinage
39:11 Guilds
40:30 Ballistas
40:36 Capped Ram
42:18 Comitatenses
42:50 Legionary
44:16 Heavy Scorpion
花鱼
14:39 Feudal Age
16:38 Wheelbarrow
18:15 Double-Bit Axe
21:10 Stone Mining
21:10 Gold Mining
21:05 Fishing Lines
23:42 Horse Collar
25:37 Pikeman
32:07 Castle Age
33:01 Loom
33:32 Hand Cart
33:07 Loom
34:06 Squires
33:52 Arson
33:53 Gambesons
33:28 Man-at-Arms
33:29 Halberdier
33:35 Elite Skirmisher
33:36 Crossbowman
35:29 Forging
35:20 Scale Mail Armor
35:10 Fletching
35:21 Padded Archer Armor
37:37 Caravan
39:40 Chain Mail Armor
40:00 Iron Casting
39:21 Bodkin Arrow
39:42 Leather Archer Armor
maueg2809
14:17 Feudal Age
14:52 Arson
15:08 Double-Bit Axe
16:15 Wheelbarrow
16:18 Gold Mining
16:23 Stone Mining
16:24 Horse Collar
24:31 Castle Age
24:19 Forging
24:11 Scale Mail Armor
24:12 Padded Archer Armor
24:02 Fletching
25:45 Squires
25:30 Gambesons
26:49 Pikeman
29:38 Bow Saw
29:48 Heavy Plow
30:39 Gold Shaft Mining
31:07 Stone Shaft Mining
31:38 Hand Cart
32:51 Atlatl
33:41 Iron Casting
33:26 Leather Archer Armor
37:46 Imperial Age
36:54 Chain Mail Armor
36:34 Bodkin Arrow
37:17 Eagle Warrior
39:34 Elite Eagle Warrior
43:04 Ballistics
43:45 Chemistry
43:28 Capped Ram
gerole
12:14 Feudal Age
12:54 Horse Collar
13:02 Double-Bit Axe
16:30 Man-at-Arms
17:22 Gold Mining
19:34 Wheelbarrow
19:44 Stone Mining
20:45 Forging
26:30 Castle Age
25:57 Scale Mail Armor
29:13 Gold Shaft Mining
28:55 Hand Cart
28:08 Long Swordsman
29:32 Iron Casting
29:00 Heavy Plow
32:29 Bow Saw
32:46 Chain Mail Armor
39:49 Imperial Age
39:53 Legionary
41:47 Heavy Scorpion
lmol
13:33 Feudal Age
14:08 Stone Mining
14:57 Wheelbarrow
15:08 Town Watch
16:05 Gold Mining
16:04 Double-Bit Axe
18:15 Horse Collar
24:49 Bloodlines
30:19 Castle Age
30:32 Scale Barding Armor
30:39 Forging
30:29 Scale Mail Armor
31:17 Hand Cart
31:40 Heavy Plow
33:15 Gold Shaft Mining
32:58 Bow Saw
35:51 Chain Barding Armor
36:15 Iron Casting
35:56 Chain Mail Armor
36:10 Murder Holes
36:29 Caravan
36:46 Town Patrol
37:17 Capped Ram
37:30 Light Cavalry
41:43 Masonry
41:55 Ballistics
43:09 Loom
46:57 Imperial Age
45:03 Steppe Husbandry
44:57 Fletching
45:07 Padded Archer Armor
Connection lost

Rejoining the realm…

Still unreachable

The connection could not be restored.

Session expired

The server has moved on; the page needs a fresh start.